 Dungeon Crawl Stone Soup version 0.30-a0-578-gdee14c521f (webtiles) character file.

Game seed: 8133225259375092143

28183 bjtr the Arsonist (level 13, -8/65 HPs)
             Began as a Gargoyle Fire Elementalist on Dec 31, 2022.
             Was a High Priest of Vehumet.
             Mangled by a phantasmal warrior (18 damage)
             ... led by a death knight
             ... on level 14 of the Dungeon.
             The game lasted 01:35:31 (17225 turns).

bjtr the Arsonist (Gargoyle Fire Elementalist)     Turns: 17225, Time: 01:35:32

Health: -8/65      AC: 22    Str: 12    XL:     13   Next: 37%
Magic:  31/38      EV: 11    Int: 21    God:    Vehumet [*****.]
Gold:   794        SH:  9    Dex: 10    Spells: 5/37 levels left

rFire   + . .      SeeInvis +    w - +1 morningstar (freeze)
rCold   + . .      Faith    .    Y - +0 kite shield {reflect}
rNeg    + . .      Spirit   .    S - +1 robe {rC+ rF+}
rPois   ∞          Reflect  +    s - +0 helmet
rElec   +          Harm     .    f - +2 cloak
rCorr   .          Rampage  .    i - +1 pair of gloves
Will    .....                    F - +1 pair of boots
Stlth   ++                       V - amulet of magic regeneration
HPRegen 0.30/turn                n - ring of see invisible
MPRegen 0.66/turn                k - ring of magical power

@: hasted, very quick
A: sickness immunity, AC +9, negative energy resistance 1, electricity
resistance, torment resistance 1, petrification resistance
a: Renounce Religion


You were on level 14 of the Dungeon.
You worshipped Vehumet.
Vehumet was extremely pleased with you.
You visited 2 branches of the dungeon, and saw 15 of its levels.
You also visited: Bailey.

You collected 838 gold pieces.
You spent 44 gold pieces at shops.

Inventory:

Hand Weapons
 o - a +5 heavy sling
 u - a +0 scimitar
 w - a +1 morningstar of freezing (weapon)
 B - the +5 great sword of the Boar {flame, rC+ rN++ Str-4 Dex+4}
   (You found it on level 12 of the Dungeon)

   It burns those it strikes, dealing additional fire damage.
   Big, fiery blades are also staple armaments of hydra-hunters.
   Str:       It affects your strength (-4).
   Dex:       It affects your dexterity (+4).
   rC:        It protects you from cold.
   rN:        It greatly protects you from negative energy.
 Q - a +2 rapier of draining
Missiles
 l - 3 javelins
 E - 2 throwing nets (quivered)
 P - 3 atropa-tipped darts
Armour
 f - a +2 cloak (worn)
 i - a +1 pair of gloves (worn)
 s - a +0 helmet (worn)
 F - a +1 pair of boots (worn)
 K - the +1 leather armour "Nuas" {+Inv rF- Str+9}
   (You found it on level 11 of the Dungeon)

   Str:       It affects your strength (+9).
   rF:        It makes you vulnerable to fire.
   +Inv:      It lets you turn invisible.
 S - a +1 robe of resistance (worn)
 X - a +1 kite shield of protection
 Y - a +0 kite shield of reflection (worn)
Magical Staves
 g - a staff of conjuration
Jewellery
 a - a ring of wizardry
 j - a ring of protection from cold
 k - a ring of magical power (right hand)
 n - a ring of see invisible (left hand)
 R - an amulet of guardian spirit
 T - an amulet of the acrobat
 V - an amulet of magic regeneration (around neck)
Wands
 t - a wand of charming (26)
 x - a wand of digging (1)
 D - a wand of polymorph (8)
 N - a wand of flame (18)
Scrolls
 c - a scroll of torment
 e - 3 scrolls of magic mapping
 p - 2 scrolls of amnesia
 q - 6 scrolls of teleportation
 r - 4 scrolls of immolation
 y - 4 scrolls of enchant weapon
 z - 8 scrolls of identify
 A - 3 scrolls of vulnerability
 G - 2 scrolls of fear
 H - 2 scrolls of poison
 L - a scroll of enchant armour
 O - 4 scrolls of silence
 U - 2 scrolls of blinking
Potions
 b - 2 potions of magic
 d - 5 potions of curing
 h - a potion of ambrosia
 m - 4 potions of might
 v - a potion of flight
 C - a potion of cancellation
 I - 2 potions of lignification
 M - a potion of resistance
 W - 2 potions of brilliance
Miscellaneous
 J - a lightning rod (inert)


   Skills:
 + Level 1.2 Fighting
 + Level 7.1 Armour
 + Level 2.7 Dodging
 + Level 3.1 Stealth
 * Level 7.8 Shields
 * Level 12.6 Spellcasting
 * Level 7.5 Conjurations
 * Level 13.2 Fire Magic
 + Level 0.7 Evocations


You had 5 spell levels left.
You knew the following spells:

 Your Spells              Type           Power      Damage    Failure   Level
a - Foxfire               Conj/Fire      100%       2x1d9     1%          1
b - Scorch                Fire           100%       2d10      1%          2
c - Inner Flame           Hex/Fire       41%        N/A       1%          3
d - Flame Wave            Conj/Fire      54%        2d13      1%          4
e - Starburst             Conj/Fire      27%        6d9       7%          6
f - Iskenderun's Mystic   Conj/Tloc      29%        2d7       7%          4
g - Fireball              Conj/Fire      27%        3d12      1%          5
h - Blink                 Tloc           26%        N/A       19%         2
i - Lightning Bolt        Conj/Air       14%        1d28      17%         5

Your spell library contained the following spells:

 Spells                   Type           Power      Damage    Failure   Level
 Lee's Rapid Deconstruct  Erth           6%         3d6*      61%         5
 Ignite Poison            Fire/Tmut/Pois 31%        N/A       1%          3
 Kindle Blastsparks       Fire/Tloc/Air  62%        2d15      1%          3
 Dazzling Flash           Conj/Hex       58%        N/A       2%          3
 Wereblood                Tmut           13%        N/A       19%         2
 Freezing Cloud           Conj/Ice/Air   11%        6-21      28%         5
 Airstrike                Air            6%         2d(1-17)  30%         4
 Manifold Assault         Tloc           13%        N/A       77%         4
 Summon Lightning Spire   Summ/Air       13%        N/A       77%         4
 Summon Forest            Summ/Tloc      6%         N/A       98%         5
 Eringya's Noxious Bog    Tmut/Pois      6%         N/A       98%         6
 Storm Form               Tmut/Air       6%         N/A       100%        7
 Summon Hydra             Summ           6%         N/A       100%        7
 Sublimation of Blood     Necr           Unusable   N/A       N/A         2

Dungeon Overview and Level Annotations

Branches:
Dungeon (14/15)            Temple (1/1) D:5            Lair (0/5) D:10
    Orc (0/2) D:9          Vaults (0/5) D:14         Bailey (visited)

Altars:
Ashenzari
Cheibriados
Dithmenos
Elyvilon
Fedhas
Gozag
Hepliaklqana
Kikubaaqudgha
Makhleb
Nemelex Xobeh
Okawaru
Qazlal
Ru
Sif Muna
Trog
Uskayaw
Vehumet
Wu Jian
Xom
Yredelemnul
Zin
The Shining One

Shops:
D:4 :   D:7 (   D:8 *[*((   D:9 (   D:11 !*=   D:12 [

Portals:
Abyss: D:3
Trove: D:11 (give 2 scrolls of acquirement)

Annotations:
D:3 2 transporters, Newt's ghost, amateur DsGl


Innate Abilities, Weirdness & Mutations

You are immune to sickness and miasma.
Your stone body is resilient. (AC +9)
You are immune to poison.
You resist negative energy. (rN+)
You are resistant to electric shocks. (rElec)
You are resistant to unholy torment.
You are immune to petrification.


Message History

Aiming: Inner Flame (safe; 1% risk of failure)
Press: ? - help, Dir - move target, f - death knight
Aim: a death knight, wielding a +1 glaive and wearing a +0 chain mail (reflecting injuries, chance to affect: 47%)
The death knight is filled with an inner flame.
The phantasmal warrior is no longer more vulnerable to fire.
The phantasmal warrior hits you!!
Casting: Inner Flame (safe; 1% risk of failure)
Confirm with . or Enter, or press ? or * to list all spells.
The spell is quite dangerous to miscast (7% risk of failure)!
Continue anyway?
Casting: Starburst (quite dangerous; 7% risk of failure)
Press: ? - help, Dir - look around, f - activate The bolt of fire hits the phantasmal warrior!!
The phantasmal warrior is severely damaged.
The bolt of fire hits the phantasmal warrior!!
The phantasmal warrior is severely damaged.
The bolt of fire hits the death knight!!
Flame seeps out of the death knight.
The death knight is moderately wounded.
The death knight reflects your damage back at you!
The phantasmal warrior hits you but does no damage.
The phantasmal warrior gestures at you.
The phantasmal warrior blinks!
The death knight is engulfed in blazing flames.
Flame seeps out of the death knight.
The death knight reflects your damage back at you!
* * * LOW HITPOINT WARNING * * *
Unknown command.
Unknown command.
You feel yourself speed up.
You block the phantasmal warrior's attack.
The phantasmal warrior closely misses you.
The death knight is engulfed in blazing flames.
Flame seeps out of the death knight.
The death knight reflects your damage back at you!
* * * LOW HITPOINT WARNING * * *
You feel as though your hastened speed will last longer.
You block the phantasmal warrior's attack.
The wraith is engulfed in blazing flames.
The phantasmal warrior hits you!!
You die...

# #...#
.. #
#.#.# #
#...# #
#...#####
#
#.......#
#
#...###.#
. #####
#.# . #W#
. #@# #W#
#p# .W.
.###. #.
W# . # ..
..


You could see a death knight (inner flame, reflects damage), 2 phantasmal
warriors and a wraith.

Vanquished Creatures
  A hydra (D:13)
  2 centaur warriors (D:14)
  5 two-headed ogres
  2 boulder beetles
  2 tengu warriors (D:13)
  A deep elf pyromancer (D:13)
  An orc knight (D:14)
  A wolf spider (D:12)
  2 ugly things
  A manticore (D:13)
  4 cyclopes
  Joseph (D:8)
  3 gargoyles
  A molten gargoyle (D:14)
  Maggie (D:8)
  An unseen horror (D:11)
  Psyche (D:9)
  A rime drake (shapeshifter) (D:10)
  A freezing wraith (D:14)
  2 komodo dragons (D:10)
  10 trolls
  A hornet (D:9)
  Sigmund (D:2)
  2 slime creatures (D:13)
  A vampire (Bailey)
  10 yaks
  2 wraiths
  A shadow (D:12)
  A yak (shapeshifter) (D:14)
  2 wyverns
  2 vampire mosquitoes (D:10)
  15 humans (D:14)
  A steam dragon (D:8)
  A floating eye (shapeshifter) (D:13)
  2 acid dragons (D:12)
  2 sky beasts (D:7)
  4 orc warriors
  2 meliai simulacra
  2 black bears (D:5)
  4 ice beasts
  9 centaurs
  3 ogres
  A phantom (D:5)
  A kobold brigand (D:11)
  7 bullfrogs
  2 gnoll sergeants
  3 scorpions
  10 wights
  5 killer bees (D:10)
  An electric eel (D:14)
  8 vampire bats (Bailey)
  11 howler monkeys
  7 wolf zombies (Bailey)
  A lava snake (D:14)
  5 jellies
  4 hounds
  2 orc priests
  4 iguanas
  4 orc wizards
  15 gnolls
  8 adders
  A shadow imp (D:8)
  2 white imps (D:7)
  2 ufetubi
  4 worms
  2 dart slugs (D:4)
  22 orcs
  5 bats
  7 endoplasms
  7 giant cockroaches
  12 goblins
  9 hobgoblins
  4 jackals (D:5)
  13 kobolds
  5 quokkas
  7 ball pythons
  3 frilled lizards
  21 orc zombies (Bailey)
  6 rats (D:1)
  A bush (D:11)
344 creatures vanquished.

Vanquished Creatures (collateral kills)
  2 foxfires (D:2)
2 creatures vanquished.

Vanquished Creatures (others)
  A human (D:14)
  A quokka (D:6)
  193 foxfires
  14 fungi (D:10)
  27 plants
236 creatures vanquished.

Grand Total: 582 creatures vanquished

Notes
Turn   | Place    | Note
-------+----------+-------------------------------------------
     0 | D:1      | bjtr the Gargoyle Fire Elementalist began the quest for the
                  | Orb.
     0 | D:1      | Reached XP level 1. HP: 10/10 MP: 3/3
   411 | D:1      | Reached XP level 2. HP: 15/15 MP: 3/5
   418 | D:1      | Learned a level 2 spell: Scorch
   884 | D:1      | Reached XP level 3. HP: 16/19 MP: 0/6
  1325 | D:1      | Reached skill level 1 in Armour
  1866 | D:2      | Reached XP level 4. HP: 22/24 MP: 8/8
  1872 | D:2      | Learned a level 3 spell: Inner Flame
  2032 | D:2      | Noticed Sigmund
  2453 | D:2      | Found a faded altar of an unknown god.
  2723 | D:2      | Killed Sigmund
  2724 | D:2      | Reached skill level 4 in Fire Magic
  2724 | D:2      | Reached XP level 5. HP: 28/28 MP: 6/10
  2724 | D:2      | Reached XP level 6. HP: 32/32 MP: 6/11
  2810 | D:2      | Learned a level 4 spell: Flame Wave
  2908 | D:3      | Found a transporter.
  2924 | D:3      | Found a transporter.
  2932 | D:3      | Noticed a toenail golem
  2934 | D:3      | Found a one-way gate to the infinite horrors of the Abyss.
  2934 | D:3      | Noticed Newt's ghost (amateur DsGl)
  2952 | D:3      | Found a stormy altar of Qazlal.
  4510 | D:4      | Reached XP level 7. HP: 25/37 MP: 9/13
  4788 | D:4      | Found Nikar's Tremendous Tomes.
  4821 | D:4      | Found a shimmering blue altar of Sif Muna.
  4989 | D:4      | Reached skill level 5 in Fire Magic
  5397 | D:5      | Entered Level 5 of the Dungeon
  5543 | D:5      | Reached skill level 1 in Shields
  5543 | D:5      | Reached skill level 5 in Spellcasting
  5650 | D:5      | Reached XP level 8. HP: 42/42 MP: 16/16
  5691 | D:5      | Found a staircase to the Ecumenical Temple.
  5718 | Temple   | Entered the Ecumenical Temple
  5816 | Temple   | Became a worshipper of Vehumet
  5914 | D:5      | Reached skill level 6 in Fire Magic
  7094 | D:6      | Noticed a wyvern
  7102 | D:6      | Killed a wyvern
  7114 | D:6      | Reached skill level 7 in Fire Magic
  7114 | D:6      | Reached XP level 9. HP: 46/46 MP: 8/18
  7261 | D:6      | Reached * piety under Vehumet
  7261 | D:6      | Offered knowledge of Kiss of Death by Vehumet.
  7312 | D:6      | Found an iron altar of Okawaru.
  7389 | D:6      | Found a glowing silver altar of Zin.
  7478 | D:6      | Found a white marble altar of Elyvilon.
  8045 | D:7      | Found Harchub's Weapon Emporium.
  8074 | D:7      | Found an ancient bone altar of Kikubaaqudgha.
  8471 | D:7      | Reached skill level 8 in Fire Magic
  8571 | D:7      | Found a blossoming altar of Fedhas.
  8924 | D:8      | Noticed Maggie
  8945 | D:8      | Killed Maggie
  8949 | D:8      | Found a broken altar of Ashenzari.
  8974 | D:8      | Found Plog's Weapon Shop.
  9018 | D:8      | Found Deazem's Armour Shop.
  9030 | D:8      | Found Ahokk's Assorted Antiques.
  9047 | D:8      | Found Jaceoh's Assorted Antiques.
  9059 | D:8      | Noticed Joseph
  9065 | D:8      | Found Qetwudgh's Antique Weapon Shoppe.
  9149 | D:8      | Found a flagged portal.
  9156 | Bailey   | Entered a bailey
  9338 | Bailey   | Reached XP level 10. HP: 51/51 MP: 22/22
  9346 | Bailey   | Reached ** piety under Vehumet
  9350 | Bailey   | Offered knowledge of Magic Dart by Vehumet.
  9534 | Bailey   | Reached skill level 5 in Armour
  9541 | Bailey   | Noticed a gargoyle
  9553 | Bailey   | Killed a gargoyle
  9554 | Bailey   | Reached skill level 9 in Fire Magic
  9932 | Bailey   | Offered knowledge of Frozen Ramparts by Vehumet.
 10272 | D:8      | Bought a glowing silvery potion for 22 gold pieces
 10272 | D:8      | Bought a bubbling emerald potion for 22 gold pieces
 10302 | D:8      | Reached *** piety under Vehumet
 10460 | D:8      | Found a shadowy altar of Dithmenos.
 10670 | D:8      | Killed Joseph
 11091 | D:9      | Noticed Psyche
 11104 | D:9      | Killed Psyche
 11105 | D:9      | Reached skill level 5 in Conjurations
 11297 | D:9      | Found a shimmering altar of Xom.
 11489 | D:9      | Upgraded the game from 0.30-a0-576-g89cddaab80 to
                  | 0.30-a0-578-gdee14c521f
 11554 | D:9      | Found Jyneawk's Weapon Emporium.
 11556 | D:9      | Found a staircase to the Orcish Mines.
 11565 | D:9      | Offered knowledge of Airstrike by Vehumet.
 11573 | D:9      | Learned a level 6 spell: Starburst
 11578 | D:9      | Learned a level 4 spell: Iskenderun's Mystic Blast
 11605 | D:9      | Reached skill level 10 in Fire Magic
 11605 | D:9      | Reached XP level 11. HP: 42/55 MP: 20/24
 11938 | D:9      | Found a sacrificial altar of Ru.
 11938 | D:9      | Found a glowing golden altar of the Shining One.
 12279 | D:10     | Entered Level 10 of the Dungeon
 12483 | D:10     | Reached skill level 5 in Shields
 12567 | D:10     | Reached skill level 10 in Spellcasting
 12719 | D:10     | Noticed a two-headed ogre
 12746 | D:10     | Killed a two-headed ogre
 12892 | D:10     | Reached **** piety under Vehumet
 12940 | D:10     | Noticed a fire crab
 13151 | D:10     | Found a staircase to the Lair.
 13226 | D:10     | Offered knowledge of Fireball by Vehumet.
 13344 | D:10     | Learned a level 5 spell: Fireball
 13575 | D:11     | Noticed a cyclops
 13580 | D:11     | Killed a cyclops
 13581 | D:11     | Reached skill level 11 in Fire Magic
 13645 | D:11     | Noticed a boulder beetle
 13666 | D:11     | Killed a boulder beetle
 13836 | D:11     | Noticed a two-headed ogre
 13841 | D:11     | Killed a two-headed ogre
 13863 | D:11     | Found Honuocagao's Jewellery Shop.
 13897 | D:11     | Found a portal to a secret trove of treasure.
 14059 | D:11     | Found Xothry's General Store.
 14096 | D:11     | Identified the +1 leather armour "Nuas" {+Inv rF- Str+9}
 14183 | D:11     | Noticed a cyan ugly thing
 14190 | D:11     | Killed a cyan ugly thing
 14191 | D:11     | Reached skill level 1 in Fighting
 14191 | D:11     | Reached XP level 12. HP: 43/60 MP: 26/26
 14509 | D:11     | Found Mois's Distillery.
 14601 | D:12     | Found Icvoick's Armour Boutique.
 14798 | D:12     | Noticed a two-headed ogre
 14802 | D:12     | Killed a two-headed ogre
 14823 | D:12     | Reached skill level 12 in Fire Magic
 14930 | D:12     | Identified the +5 great sword of the Boar {flame, rC+ rN++
                  | Str-4 Dex+4}
 15532 | D:13     | Noticed a tengu warrior
 15539 | D:13     | Killed a tengu warrior
 15594 | D:13     | Reached ***** piety under Vehumet
 15676 | D:13     | Noticed a six-headed hydra
 15691 | D:13     | Killed a six-headed hydra
 16235 | D:13     | Offered knowledge of Lee's Rapid Deconstruction by Vehumet.
 16403 | D:13     | Paralysed by a floating eye for 2 turns
 16418 | D:13     | Learned a level 2 spell: Blink
 16424 | D:13     | Learned a level 5 spell: Lightning Bolt
 16428 | D:13     | Noticed a tengu warrior
 16434 | D:13     | Killed a tengu warrior
 16757 | D:14     | Noticed a two-headed ogre
 16757 | D:14     | Noticed a centaur warrior
 16757 | D:14     | Found a gate to the Vaults.
 16762 | D:14     | Killed a centaur warrior
 16763 | D:14     | Reached XP level 13. HP: 63/65 MP: 29/29
 16767 | D:14     | Reached skill level 13 in Fire Magic
 17225 | D:14     | Mangled by a phantasmal warrior

Illustrated notes

Levels and vault maps discovered:
D:1:      lemuel_arrival_tunnels, layout_basic
D:2:      layout_rooms, shapermc_ecumenical_altar_acropolis, uniq_sigmund
D:3:      minmay_general_purpose_star, layout_loops_corners,
          mainiacjoe_overflow_chevrons, gammafunk_ghost_abyssal_escape,
          mrwooster_statue_mirror, nicolae_grassy_gnolls
D:4:      layout_loops_cross, kennysheep_little_box,
          nicolae_shop_i_like_big_books, minmay_misc_feat_enclosed,
          nicolae_eternal_life
D:5:      layout_basic, temple_pool_b
D:6:      layout_loops_ring, mainiacjoe_overflow_six_doors_small,
          elyvilon_altar_4, zin_statuary, serial_rivers,
          chequers_serial_rivers_micro_c, chequers_serial_rivers_room_a,
          chequers_serial_rivers_room_a, chequers_serial_rivers_micro_e,
          chequers_serial_rivers_micro_a, chequers_serial_rivers_large_b
D:7:      layout_loops_cross, fedhas_altar_3, lemuel_doored_altar, serial_shops,
          kennysheep_mini_moat, lightli_orcish_oven
D:8:      layout_loops_ring, nicolae_dithmenos_through_a_glass_darkly,
          overflow_temple_1_default, serial_shops, nicolae_take_the_stairs,
          nicolae_inconvenience_store, shop_fountains, shop, shop,
          enter_bailey_4, patterned_corridor, uniq_joseph, uniq_maggie
D:9:      layout_loops_ring, dk_xom_monty_hall, gammafunk_temple_overflow_pools,
          orc_david_3, uniq_psyche
D:10:     layout_rooms, grunt_lair_entry_orc_guard_hut, wad_dig_loot
D:11:     layout_loops_ring, serial_shops, shop, kennysheep_mini,
          nicolae_shop_stone, nicolae_trove_entry_free_sample,
          grunt_ministairs_13, st_stairs_10, kb_lookout_dungeons_type
D:12:     minmay_distorted_concentric_squares, layout_irregular_city,
          serial_shops, nicolae_shop_competitors_out_of_business
D:13:     layout_roguey
D:14:     layout_loops_cross, david_vaults_3, serial_rivers,
          chequers_serial_rivers_room_a, chequers_serial_rivers_micro_d,
          chequers_serial_rivers_marsh, chequers_serial_rivers_micro_d,
          chequers_serial_rivers_micro_a, chequers_serial_rivers_micro_d,
          nicolae_lava_and_water, minmay_misc_feat_diagonals, uniq_snorg,
          uniq_roxanne
Temple:   hellmonk_temple_beads

Skill      XL: |  1  2  3  4  5  6  7  8  9 10 11 12 13 |
---------------+----------------------------------------+-----
Armour         | 1 2 3 4 5 6 7 |  7.1
Spellcasting   | 3 4 5 6 8 9 10 12 | 12.6
Fire Magic     | 4 5 7 8 10 11 12 13 | 13.2
Conjurations   | 2 3 4 5 6 7 |  7.5
Shields        | 1 2 3 4 6 7 |  7.8
Dodging        | 2 |  2.7
Fighting       | 1 |  1.2
Stealth        | 3 |  3.1
Evocations     | |  0.7

Action                   |  1- 3 |  4- 6 |  7- 9 | 10-12 | 13-15 || total
-------------------------+-------+-------+-------+-------+-------++-------
Melee: Mace              |    14 |       |       |       |       ||    14
       Club              |     5 |       |       |       |       ||     5
       Rapier            |     2 |       |       |       |       ||     2
       Morningstar       |       |    32 |    21 |    66 |       ||   119
       Unarmed           |       |       |       |     9 |       ||     9
 Cast: Foxfire           |    37 |     6 |    31 |    35 |     5 ||   114
       Scorch            |    25 |    51 |   139 |   293 |    28 ||   536
       Inner Flame       |       |     2 |     7 |    46 |     6 ||    61
       Flame Wave        |       |       |     3 |     4 |       ||     7
       Starburst         |       |       |       |     1 |     1 ||     2
       Iskenderun's Myst |       |       |       |     2 |     2 ||     4
       Fireball          |       |       |       |     1 |       ||     1
       Lightning Bolt    |       |       |       |       |     3 ||     3
Evoke: Wand              |       |       |       |       |     6 ||     6
       Lightning rod     |       |       |       |       |     4 ||     4
  Use: Scroll            |     6 |     4 |     9 |     8 |     2 ||    29
       Potion            |       |     1 |     1 |     5 |     2 ||     9
Armor: Robe              |     2 |       |       |   128 |     9 ||   139
       Leather armour    |    15 |    42 |    70 |    30 |       ||   157
       Skin              |       |       |       |     1 |       ||     1
Dodge: Dodged            |    24 |    31 |    73 |   119 |    19 ||   266
Block: Buckler           |       |     6 |    29 |    53 |       ||    88
       Kite shield       |       |       |       |    19 |    33 ||    52
       Reflection        |       |       |       |     1 |    12 ||    13

Table legend: (Time is in decaauts)
 A = Elapsed time spent in this place.
 B = Non-inter-level travel time spent in this place.
 C = Inter-level travel time spent in this place.
 D = Time resting spent in this place.
 E = Time spent auto-exploring this place.
 F = Levels seen in this place.
 G = Mean time per level.
                   A        B        C        D        E       F      G
               +--------+--------+--------+--------+--------+-----+--------+
         Total |  17338 |  16680 |    658 |   4107 |   9542 |  16 | 1083.6 |
       Dungeon |  16092 |  15510 |    582 |   3769 |   8947 |  14 | 1149.4 |
        Temple |    189 |    114 |     75 |      0 |     86 |   1 |  189.0 |
        Bailey |   1056 |   1056 |      0 |    338 |    509 |   1 | 1056.0 |
               +--------+--------+--------+--------+--------+-----+--------+

Top non-repeatable levels by time:
     D:1: 1682 daAuts
     D:3: 1446 daAuts
    D:13: 1378 daAuts
     D:5: 1310 daAuts
     D:8: 1251 daAuts
     D:6: 1167 daAuts
     D:2: 1163 daAuts
     D:4: 1137 daAuts
    D:10: 1128 daAuts
     D:9: 1127 daAuts
  Bailey: 1056 daAuts
    D:11: 997 daAuts
     D:7: 988 daAuts
    D:12: 943 daAuts
    D:14: 369 daAuts
